 Dungeon Crawl Stone Soup version 0.24-a0-278-gefa1973 (webtiles) character file.

Game seed: 3183792827770226553

35 Dantiko the Sneak (level 3, -2/21 HPs)
             Began as a Kobold Assassin on Apr 29, 2019.
             Slain by a sky beast (6 damage)
             ... on level 2 of the Dungeon.
             The game lasted 00:04:46 (1264 turns).

Dantiko the Sneak (Kobold Assassin)                 Turns: 1264, Time: 00:04:46

Health: -2/21      AC:  4    Str:  8    XL:     3   Next: 55%
Magic:  3/3        EV: 14    Int: 12    God:
Gold:   50         SH:  0    Dex: 17    Spells: 2/2 levels left

rFire    . . .     SeeInvis .   b - +2 dagger
rCold    . . .     Gourm    .   (shield restricted)
rNeg     . . .     Faith    .   i - +0 leather armour
rPois    .         Spirit   .   (no helmet)
rElec    .         Reflect  .   d - +0 cloak
rCorr    .         Harm     .   (no gloves)
MR       .....                  (no boots)
Stlth    +++.......             (no amulet)
HPRegen  0.07/turn              (no ring)
MPRegen  0.08/turn              (no ring)

@: no status effects
A: small, carnivore
a: no special abilities


You were on level 2 of the Dungeon.
You were completely stuffed.

You visited 1 branch of the dungeon, and saw 2 of its levels.

You collected 50 gold pieces.

Inventory:

Hand Weapons
 a - a +0 hunting sling
 b - a +2 dagger (weapon)
 m - a +0 blowgun
Missiles
 e - 3 poisoned needles
 f - 2 curare-tipped needles
 l - 35 stones (quivered)
 o - 11 bolts
 p - 26 arrows
Armour
 c - a +0 robe
 d - a +0 cloak (worn)
 i - a +0 leather armour (worn)
 j - a +0 ring mail
Scrolls
 h - a scroll of remove curse {unknown}
 k - a scroll of random uselessness {unknown}
 q - 2 scrolls of teleportation {unknown}
 t - 2 scrolls of identify {unknown}
 u - a scroll of blinking {unknown}
Potions
 n - a potion of brilliance {unknown}
 r - a potion of lignification {unknown}
 s - a potion of curing {unknown}
Comestibles
 g - 2 rations


   Skills:
 - Level 2.1 Fighting
 + Level 4.1 Short Blades
 - Level 2.1 Throwing
 + Level 1.4 Dodging
 - Level 6.0 Stealth


You had 2 spell levels left.
You didn't know any spells.
Your spell library was empty.

Dungeon Overview and Level Annotations

Branches:
Dungeon (2/15)

Altars:


Innate Abilities, Weirdness & Mutations

You are small and have problems with some larger weapons.
You are carnivorous and can eat meat at any time.


Message History

You shoot a poisoned needle. The poisoned needle hits the sky beast.
The sky beast looks even sicker.
The sky beast is moderately wounded.
The sky beast hits you but does no damage.
The sky beast flickers out of sight!
Deactivating autopickup; reactivate with Ctrl-A.
A sky beast appears from thin air!
Reactivating autopickup.
b - a +2 dagger (weapon)
You hit the sky beast but do no damage.
The sky beast is severely wounded.
The sky beast closely misses you.
You hit the sky beast but do no damage.
The sky beast is severely wounded.
You hit the sky beast.
The sky beast is almost dead.
The sky beast looks more healthy.
The sky beast hits you.
* * * LOW HITPOINT WARNING * * *
The sky beast shocks you.
You die...

............# #......##
#..#....###.###.#.....#
#.............#......##
......##.##(..(..##.##
.<....##.##.#.##.##.#
........(((.#.##.##.#
.......(.##{#...g...#
......(####.####Y############
.....(#.###.####@# ###......#
..............>..###.#.####.#
###.###....######...#....##.##..
... #...# #..........>.... ###.
...# #....#.#.##.### #. (..#
##.....#.##.# ...#
#.#.#......#####
#.#.#.#.##.....#
..#.#.#.##.....#


You could see a sky beast and a hobgoblin.

Vanquished Creatures
  A dart slug (D:2)
  2 leopard geckos (D:1)
  3 goblins (D:1)
  4 hobgoblins
  7 jackals (D:1)
  2 kobolds (D:1)
  A quokka (D:2)
  3 bats (D:1)
  A frilled lizard (D:1)
  3 rats (D:1)
27 creatures vanquished.

Notes
Turn   | Place    | Note
-------+----------+-------------------------------------------
     0 | D:1      | Dantiko the Kobold Assassin began the quest for the Orb.
     0 | D:1      | Reached XP level 1. HP: 12/12 MP: 1/1
    88 | D:1      | Reached XP level 2. HP: 7/17 MP: 2/2
   691 | D:1      | Reached XP level 3. HP: 21/21 MP: 3/3
   877 | D:1      | Reached skill level 6 in Stealth
  1232 | D:2      | Noticed a sky beast
  1264 | D:2      | Slain by a sky beast

Levels and vault maps discovered:
D:1:      scummos_arrival_hexagon, layout_basic, serial_corexii_hall,
          corexii_hall_statues_s, corexii_hall_statues_i
D:2:      layout_loops_cross, tgw_fedhas, first_ration

Skill      XL: |  1  2  3 |
---------------+----------+-----
Short Blades   | 3 4 |  4.1
Stealth        | 6 |  6.0
Fighting       | |  2.1
Throwing       | |  2.1
Dodging        | |  1.4

Action                   || total
-------------------------++-------
Melee: Dagger            ||    89
 Fire: Blowgun           ||    14
       Hunting sling     ||    20
 Stab: Sleeping          ||     6
  Eat: Chunk             ||     9
Armor: Robe              ||     8
       Leather armour    ||    15
Dodge: Dodged            ||    62

Table legend:
 A = Non-vault XP
 B = Vault XP
 C = Vault XP percentage of total XP
 D = Non-vault monster count
 E = Vault monster count
 F = Vault count percentage of total count
                 A         B        C        D         E       F
            +---------+---------+-------+---------+---------+-------
      Total |      51 |       0 |   0.0 |      27 |       0 |   0.0
            +---------+---------+-------+---------+---------+-------
        D:1 |      43 |       0 |   0.0 |      24 |       0 |   0.0
        D:2 |       8 |       0 |   0.0 |       3 |       0 |   0.0
            +---------+---------+-------+---------+---------+-------
